 Dungeon Crawl Stone Soup version 0.25.0-1-g7eea58d2a3 (webtiles) character file.

Game seed: 13064919718141007410

86 Apogee the Chopper (level 4, 0/39 HPs)
             Began as a Hill Orc Fighter on June 13, 2020.
             Slain by a gnoll
             ... wielding a +0 spear
              (8 damage)
             ... on level 3 of the Dungeon.
             The game lasted 00:02:44 (2172 turns).

Apogee the Chopper (Hill Orc Fighter)               Turns: 2172, Time: 00:02:44

Health: 0/39       AC:  6    Str: 19    XL:     4   Next: 49%
Magic:  4/4        EV:  9    Int:  8    God:
Gold:   86         SH:  0    Dex: 10    Spells: 3/3 levels left

rFire    . . .     SeeInvis .   a - +0 war axe
rCold    . . .     Gourm    .   (no shield)
rNeg     . . .     Faith    .   b - +0 scale mail
rPois    .         Spirit   .   (no helmet)
rElec    .         Reflect  .   (no cloak)
rCorr    .         Harm     .   (no gloves)
MR       .....                  (no boots)
Stlth    ..........             (no amulet)
HPRegen  0.13/turn              (no ring)
MPRegen  0.09/turn              (no ring)

@: no status effects
A: no striking features
a: no special abilities


You were on level 3 of the Dungeon.
You were not hungry.

You visited 1 branch of the dungeon, and saw 3 of its levels.

You collected 86 gold pieces.

Inventory:

Hand Weapons
 a - a +0 war axe (weapon)
 o - a +0 hunting sling
Missiles
 g - 102 stones (quivered)
 s - 25 sling bullets
Armour
 b - a +0 scale mail (worn)
 c - a +0 kite shield
Scrolls
 h - a scroll of identify
 k - a scroll of remove curse
Potions
 d - a potion of might
 e - a potion of berserk rage {unknown}
 j - a potion of heal wounds {unknown}
 n - 4 potions of flight
 p - a potion of curing {unknown}
Comestibles
 f - 7 rations
 i - 3 chunks of flesh


   Skills:
 - Level 3.6 Fighting
 + Level 6.1 Axes
 - Level 3.2 Armour
 - Level 3.2 Shields


You had 3 spell levels left.
You didn't know any spells.
Your spell library was empty.

Dungeon Overview and Level Annotations

Branches:
Dungeon (3/15)

Altars:
Fedhas
The Shining One

Annotations:
D:2 exclusion: oklob plant


Message History

Unknown command.
You barely miss the gnoll.
The gnoll is severely wounded.
The gnoll hits you from afar with a +0 spear of flaming.
The gnoll burns you.
You hit the gnoll but do no damage.
The gnoll is severely wounded.
The gnoll barely misses you.
The gnoll hits you from afar with a +0 spear of flaming.
The gnoll burns you. The gnoll hits you but does no damage.
Unknown command.
Unknown command.
You closely miss the gnoll.
The gnoll is severely wounded.
The gnoll hits you but does no damage.
The gnoll hits you from afar with a +0 spear of flaming!
The gnoll burns you.
* * * LOW HITPOINT WARNING * * *
The gnoll barely misses you. The gnoll hits you with a +0 spear!
You die...

#.. #..
#####..###########
.................#
###..............#
.................#
##...............#
##...........$...#####..
................@.gg....
.#.<............g.g.....
.#.....................#
.#..#'##################
....#.##########
........<.......
#####.###....... ....
....... #.#.#g.g....


You could see 4 gnolls.

Vanquished Creatures
  A hound skeleton (D:3)
  2 adders
  An ooze (D:1)
  2 leopard geckos (D:1)
  2 orcs (D:3)
  2 giant cockroaches
  7 goblins
  2 hobgoblins (D:1)
  12 jackals
  A quokka (D:2)
  A bat (D:3)
  4 kobolds
  5 rats
42 creatures vanquished.

Notes
Turn   | Place    | Note
-------+----------+-------------------------------------------
     0 | D:1      | Apogee the Hill Orc Fighter began the quest for the Orb.
     0 | D:1      | Reached XP level 1. HP: 19/19 MP: 1/1
    26 | D:1      | Reached skill level 3 in Axes
    47 | D:1      | Reached XP level 2. HP: 16/26 MP: 2/2
   274 | D:1      | Reached skill level 4 in Axes
   449 | D:1      | Reached XP level 3. HP: 23/31 MP: 3/3
  1031 | D:2      | Reached skill level 5 in Axes
  1629 | D:2      | Found a blossoming altar of Fedhas.
  1647 | D:2      | Noticed an oklob plant
  1911 | D:3      | Found a glowing golden altar of the Shining One.
  1940 | D:3      | Reached XP level 4. HP: 39/39 MP: 4/4
  2166 | D:3      | Reached skill level 6 in Axes
  2172 | D:3      | Slain by a gnoll

Illustrated notes

Levels and vault maps discovered:
D:1:      dpeg_arrival_pits, layout_rooms, chequers_serial_rivers_micro_e,
          minmay_misc_feat_roman
D:2:      layout_loops_corners, nrook_campfire, tgw_fedhas
D:3:      layout_basic, tso_metal_star, portal_sewer_entry_b, uniq_robin

Skill      XL: |  1  2  3  4 |
---------------+-------------+-----
Axes           | 3 4 5 6 |  6.1
Fighting       | |  3.6
Armour         | |  3.2
Shields        | |  3.2

Action                   |  1- 3 |  4- 6 || total
-------------------------+-------+-------++-------
Melee: War axe           |    71 |    34 ||   105
  Use: Scroll            |     7 |       ||     7
  Eat: Chunk             |     3 |     1 ||     4
Armor: Scale mail        |    55 |    19 ||    74
Dodge: Dodged            |    37 |    23 ||    60
